 Dungeon Crawl Stone Soup version 0.24.0-13-gcf9b319 (webtiles) character file.

Game seed: 13759743488113760966, levelgen mode: deterministic

66 Bronimir the Gusty (level 4, -6/25 HPs)
             Began as a Tengu Air Elementalist on Apr 17, 2020.
             Mangled by a gnoll
             ... wielding a +0 spear
              (10 damage)
             ... on level 2 of the Dungeon.
             The game lasted 00:02:23 (1532 turns).

Bronimir the Gusty (Tengu Air Elementalist)         Turns: 1532, Time: 00:02:24

Health: -6/25      AC:  2    Str:  9    XL:     4   Next: 15%
Magic:  0/8        EV: 13    Int: 16    God:
Gold:   14         SH:  0    Dex: 14    Spells: 1/7 levels left

rFire    + . .     SeeInvis .   d - +1 dagger (holy)
rCold    + . .     Gourm    .   (no shield)
rNeg     . . .     Faith    .   a - +0 robe
rPois    .         Spirit   .   (helmet restricted)
rElec    .         Reflect  .   b - scarf {rC+ rF+}
rCorr    .         Harm     .   (no gloves)
MR       .....                  (boots unavailable)
Stlth    ++........             (no amulet)
HPRegen  0.08/turn              (no ring)
MPRegen  0.11/turn              (no ring)

@: no status effects
A: beak, talons 3
a: no special abilities


You were on level 2 of the Dungeon.
You were not hungry.

You visited 1 branch of the dungeon, and saw 2 of its levels.

You collected 14 gold pieces.

Inventory:

Hand Weapons
 d - a +1 dagger of holy wrath (weapon)
Missiles
 i - 52 arrows
 j - 18 sling bullets
 n - 25 bolts
Armour
 a - a +0 robe (worn)
 b - a scarf of resistance (worn)
Scrolls
 f - 4 scrolls of identify {unknown}
 k - a scroll of fog {unknown}
 l - a scroll of amnesia {unknown}
 m - a scroll of magic mapping {unknown}
 o - a scroll of remove curse {unknown}
Potions
 e - a potion of mutation {unknown}
 g - a potion of lignification {unknown}
 h - a potion of berserk rage {unknown}
Comestibles
 c - 3 rations


   Skills:
 * Level 1.1 Fighting
 + Level 1.2 Short Blades
 * Level 0.5 Armour
 * Level 2.8 Dodging
 - Level 2.0 Stealth
 + Level 2.1 Spellcasting
 * Level 2.1 Conjurations
 * Level 4.8 Air Magic


You had one spell level left.
You knew the following spells:

 Your Spells              Type           Power        Failure   Level  Hunger
a - Shock                 Conj/Air       ##..         4%          1    #......
b - Swiftness             Chrm/Air       #.......     12%         2    ###....
c - Static Discharge      Conj/Air       ##......     14%         3    ###....

Your spell library contained the following spells:

 Spells                   Type           Power        Failure   Level  Hunger
 Airstrike                Air            ###.......   28%         4    #####..
 Lightning Bolt           Conj/Air       ##........   80%         5    ######.


Dungeon Overview and Level Annotations

Branches:
Dungeon (2/15)

Altars:


Innate Abilities, Weirdness & Mutations

You have a beak for a mouth.
You have claws for feet.


Message History

You are struck by an arc of lightning.
The lightning grounds out.
The gnoll is struck by an arc of lightning.
The gnoll is heavily wounded.
The gnoll is struck by an arc of lightning!
The gnoll is heavily wounded.
The lightning grounds out.
The gnoll hits you with a +0 whip!
* * * LOW HITPOINT WARNING * * *
Casting: Static Discharge (safe; 16% risk of failure)
Confirm with . or Enter, or press ? or * to list all spells.
The gnoll is struck by an arc of lightning!
You kill the gnoll!
The gnoll is struck by an arc of lightning!
You kill the gnoll!
You have reached level 4!
You feel stronger.
The lightning grounds out.
The gnoll is struck by an arc of lightning.
The gnoll is severely wounded.
The lightning grounds out.
The gnoll hits you with a +0 spear!
You die...

#.##### ...#.# #.#....
...#..#### #.#....
......... #......
r".....## ###......
#!..... #....<...
#..g.. #.#...... #..))#
#.#......
#.#(.g@########.#......
#.........#.....##.....
###.#####.#.#####......
.. #.#.#(....##### ...
#.#.#.....# #.
#.#.#.....# .
#.#.#.....# #...##....#
##### #####


You could see 2 gnolls and a rat.

Vanquished Creatures
  2 adders (D:2)
  2 gnolls (D:2)
  A dart slug (D:1)
  A leopard gecko (D:2)
  A ball python (D:1)
  5 bats (D:1)
  5 goblins
  6 hobgoblins (D:1)
  A frilled lizard (D:1)
  2 kobolds (D:1)
  2 rats (D:1)
28 creatures vanquished.

Notes
Turn   | Place    | Note
-------+----------+-------------------------------------------
     0 | D:1      | Bronimir the Tengu Air Elementalist began the quest for the
                  | Orb.
     0 | D:1      | Reached XP level 1. HP: 10/10 MP: 4/4
   391 | D:1      | Reached XP level 2. HP: 16/16 MP: 6/6
   920 | D:1      | Reached skill level 1 in Short Blades
   953 | D:1      | Reached XP level 3. HP: 19/20 MP: 7/7
   957 | D:1      | Learned a level 2 spell: Swiftness
   961 | D:1      | Learned a level 3 spell: Static Discharge
  1127 | D:2      | Reached skill level 1 in Fighting
  1532 | D:2      | Reached XP level 4. HP: 4/25 MP: 0/8
  1532 | D:2      | Mangled by a gnoll

Levels and vault maps discovered:
D:1:      dpeg_arrival_stonehenge_8_columns, layout_basic
D:2:      layout_rooms, grunt_temple_overflow_magic_moments,
          makhleb_altar_promises_db, first_ration, serial_co_window_serial,
          co_window_corner_a, co_window_corner_a, co_window_paths_b,
          co_window_of_opportunity_a, co_window_paths_b,
          co_window_of_opportunity_a, co_window_corner_a, co_window_2corner,
          co_window_corner_b, co_window_corner_b, co_window_2corner,
          glass_columns_a, glass_columns_a, glass_columns_c, glass_columns_a

Skill      XL: |  1  2  3 |
---------------+----------+-----
Short Blades   | 1 |  1.2
Fighting       | 1 |  1.1
Conjurations   | 2 |  2.1
Armour         | |  0.5
Dodging        | |  2.8
Stealth        | |  2.0
Spellcasting   | |  2.1
Air Magic      | |  4.8

Action                   |  1- 3 |  4- 6 || total
-------------------------+-------+-------++-------
Melee: Dagger            |    62 |       ||    62
       Kick              |    14 |       ||    14
       Peck              |     6 |       ||     6
 Cast: Shock             |    24 |       ||    24
       Static Discharge  |     1 |     1 ||     2
 Stab: Sleeping          |     4 |       ||     4
  Eat: Ration            |     1 |       ||     1
Armor: Robe              |    16 |       ||    16
Dodge: Dodged            |    72 |       ||    72
